 Dungeon Crawl Stone Soup version 0.28-a0-724-g66f9036eb4 (webtiles) character file.

Game seed: 13676236641647351195

107 bande the Skirmisher (level 4, 0/29 HPs)
             Began as a Gargoyle Fighter on Oct 26, 2021.
             Slain by Sigmund (4 damage)
             ... on level 3 of the Dungeon.
             The game lasted 00:04:44 (2788 turns).

bande the Skirmisher (Gargoyle Fighter)             Turns: 2788, Time: 00:04:44

Health: 0/29       AC: 13    Str: 20    XL:     4   Next: 85%
Magic:  4/4        EV:  7    Int:  9    God:
Gold:   142        SH:  4    Dex:  9    Spells: 3/3 levels left

rFire   . . .      SeeInvis .   a - +1 war axe
rCold   . . .      Faith    .   c - +0 buckler
rNeg    + . .      Spirit   .   g - +0 chain mail
rPois   ∞          Reflect  .   (no helmet)
rElec   +          Harm     .   (no cloak)
rCorr   .          Rampage  .   (no gloves)
Will    .....                   (no boots)
Stlth   ..........              (no amulet)
HPRegen 0.09/turn               (no ring)
MPRegen 0.09/turn               (no ring)

@: mighty
A: sickness immunity, AC +3, negative energy resistance 1, electricity
resistance, torment resistance 1, petrification resistance
a: no special abilities


You were on level 3 of the Dungeon.
You visited 1 branch of the dungeon, and saw 3 of its levels.

You collected 142 gold pieces.

Inventory:

Hand Weapons
 a - a +1 war axe (weapon)
 e - a +0 flail
Armour
 c - a +0 buckler (worn)
 g - a +0 chain mail (worn)
Wands
 h - a wand of polymorph (7)
Potions
 i - a potion of flight {unknown}


   Skills:
 + Level 4.3 Fighting
 + Level 3.0 Axes
 + Level 3.8 Armour
 - Level 0.1 Stealth
 + Level 3.6 Shields


You had 3 spell levels left.
You didn't know any spells.
Your spell library contained the following spells:

 Spells                   Type           Power      Damage    Failure   Level
 Scorch                   Fire           0%         2d5       100%        2
 Starburst                Conj/Fire      0%         6d3       100%        6
 Discord                  Hex            0%         N/A       100%        8


Dungeon Overview and Level Annotations

Branches:
Dungeon (3/15)

Altars:

Shops:
D:2 ?=[*

Annotations:
D:3 Sigmund


Innate Abilities, Weirdness & Mutations

You are immune to sickness and miasma.
Your stone body is resilient. (AC +3)
You are immune to poison.
You resist negative energy. (rN+)
You are resistant to electric shocks. (rElec)
You are resistant to unholy torment.
You are immune to petrification.


Message History

Sigmund points at you and mumbles some strange words.
The magic dart hits you but does no damage.
You feel less confused.
Sigmund gestures wildly while chanting.
Sigmund flickers and vanishes!
Deactivating autopickup; reactivate with Ctrl-A.
You cannot move.
A magic dart appears from out of thin air!
The magic dart hits you but does no damage.
Something hits you but does no damage.
You hear a zap.
The now-empty wand crumbles to dust.
Something hits you but does no damage. Something hits you!
Your transformation is almost over.
Something completely misses you.
You feel better.
You hear some strange, mumbled words.
Something tries to affect you, but you resist.
Something hits you but does no damage. Something hits you but does no damage.
You cannot move.
You block something's attack. Something hits you but does no damage.
You feel less wooden.
Your +0 chain mail unmelds from your body.
Something hits you! Something hits you. Something hits you!
* * * LOW HITPOINT WARNING * * *
Something hits you.
* * * LOW HITPOINT WARNING * * *
You feel better.
You feel very mighty all of a sudden. Something hits you!
* * * LOW HITPOINT WARNING * * *
Unknown command.
You hit something. Something hits you but does no damage.
You slice something!! Something hits you.
You die...

..< ##.## ...# ..
#..# ##.# ##.# .# ##
#.## # #######. #..#
##+####.....#. ##.#
#.............
####'###.............
#...{.##....)..###...
#...@.##.......# #.).
#.......#'###### #...
###.....#.# #...
#.....#.# ###'
####+##.# #. ....#.#
#. ....#.# #. >...#
####. #...## #....


There were no monsters in sight!

Vanquished Creatures
  Terence (D:2)
  An adder (D:2)
  2 dart slugs (D:1)
  9 ball pythons
  5 endoplasms
  5 giant cockroaches
  7 hobgoblins
  3 jackals (D:1)
  2 quokkas
  6 bats
  4 frilled lizards
  6 goblins
  9 kobolds
  2 rats
62 creatures vanquished.

Vanquished Creatures (others)
  2 plants (D:2)
2 creatures vanquished.

Grand Total: 64 creatures vanquished

Notes
Turn   | Place    | Note
-------+----------+-------------------------------------------
     0 | D:1      | bande the Gargoyle Fighter began the quest for the Orb.
     0 | D:1      | Reached XP level 1. HP: 14/14 MP: 1/1
   553 | D:1      | Reached XP level 2. HP: 19/19 MP: 2/2
  1086 | D:1      | Found a faded altar of an unknown god.
  1153 | D:1      | Reached XP level 3. HP: 23/23 MP: 3/3
  1494 | D:2      | Noticed Terence
  1815 | D:2      | Killed Terence
  1816 | D:2      | Reached skill level 4 in Fighting
  1816 | D:2      | Reached XP level 4. HP: 26/29 MP: 4/4
  1934 | D:2      | Found Illiuf's Magic Scroll Shop.
  1935 | D:2      | Found Veihyn's Jewellery Emporium.
  1963 | D:2      | Got the Reference Book on Scorching Beguiling
  2004 | D:2      | Found Nov Sosch's General Store.
  2288 | D:2      | Found Nohofosas's Antique Armour Shoppe.
  2725 | D:3      | Noticed Sigmund
  2788 | D:3      | Slain by Sigmund

Illustrated notes

Levels and vault maps discovered:
D:1:      lightli_arrival_isolated_outpost, layout_basic,
          ebering_ecumenical_altar_rust, minmay_indecisive_spiral
D:2:      cheibrodos_old_hovel, layout_rooms, serial_shops, shop_fountains,
          shop, shop, shop, hangedman_feature_mirror, minmay_box_of_dots,
          uniq_terence
D:3:      layout_basic, serial_glass, glass_columns_b, glass_columns_c,
          feat_on_display, feat_on_display, uniq_sigmund

Skill      XL: |  1  2  3  4 |
---------------+-------------+-----
Axes           | 2 3 |  3.0
Fighting       | 4 |  4.3
Armour         | |  3.8
Stealth        | |  0.1
Shields        | |  3.6

Action                   |  1- 3 |  4- 6 || total
-------------------------+-------+-------++-------
Melee: War axe           |    87 |    97 ||   184
       Unarmed           |     3 |       ||     3
  Use: Scroll            |       |     5 ||     5
       Potion            |       |     3 ||     3
Armor: Scale mail        |    10 |       ||    10
       Chain mail        |    55 |    65 ||   120
       Skin              |       |     7 ||     7
Dodge: Dodged            |    49 |    32 ||    81
Block: Buckler           |    21 |    22 ||    43

Table legend: (Time is in decaauts)
 A = Elapsed time spent in this place.
 B = Non-inter-level travel time spent in this place.
 C = Inter-level travel time spent in this place.
 D = Time resting spent in this place.
 E = Time spent auto-exploring this place.
 F = Levels seen in this place.
 G = Mean time per level.
                   A        B        C        D        E       F      G
               +--------+--------+--------+--------+--------+-----+--------+
         Total |   2869 |   2856 |     13 |    849 |   1393 |   3 |  956.3 |
       Dungeon |   2869 |   2856 |     13 |    849 |   1393 |   3 |  956.3 |
               +--------+--------+--------+--------+--------+-----+--------+

Top non-repeatable levels by time:
     D:1: 1835 daAuts
     D:2: 839 daAuts
     D:3: 194 daAuts
